 Dungeon Crawl Stone Soup version 0.31-a0-1424-g2add1c7226 (webtiles) character file.

Game seed: 14192829648842829857

1 Esekla the Firebug (level 1, -3/13 HPs)
             Began as a Demonspawn Wanderer on Dec 27, 2023.
             Frozen to death by an endoplasm (4 damage)
             ... on level 1 of the Dungeon.
             The game lasted 00:02:14 (128 turns).

Esekla the Firebug (Demonspawn Wanderer)             Turns: 128, Time: 00:02:15

Health: -3/13      AC:  2    Str: 12    XL:     1   Next: 16%
Magic:  2/2        EV: 11    Int: 13    God:
Gold:   11         SH:  0    Dex: 11    Spells: 1/2 levels left

rFire   . . .        a - +0 dagger
rCold   . . .        (no shield)
rNeg    . . .        e - +0 robe
rPois   .            (no helmet)
rElec   .            (no cloak)
rCorr   .            (no gloves)
SInv    .            (no boots)
Will    .....        (no amulet)
Stlth   +            (no ring)
HPRegen 0.22/turn    (no ring)
MPRegen 0.08/turn

%: no passive effects
@: no status effects
A: no striking features
a: no special abilities


You were on level 1 of the Dungeon.
You visited 1 branch of the dungeon, and saw 1 of its levels.

You collected 11 gold pieces.

Inventory:

Hand Weapons
 a - a +0 dagger (weapon)
 f - a +0 spear
Missiles
 b - 8 poisoned darts (quivered)
 g - 5 boomerangs
Armour
 e - a +0 robe (worn)
Scrolls
 d - a scroll of fear
Potions
 c - a potion of mutation
 h - a potion of ambrosia {unknown}


   Skills:
 + Level 1.7 Throwing
 + Level 1.0 Dodging
 * Level 1.0 Spellcasting
 + Level 3.6 Fire Magic
 + Level 1.2 Invocations
 + Level 1.0 Evocations


You had one spell level left.
You knew the following spells:

 Your Spells              Type           Power      Damage    Failure   Level
a - Foxfire               Conj/Fire      20%        2x1d5     13%         1

Your spell library contained the following spells:

 Spells                   Type           Power      Damage    Failure   Level
 Scorch                   Fire           20%        2d5       10%         2
 Sticky Flame             Fire/Alch      5%         2d4       78%         4


Dungeon Overview and Level Annotations

Branches:
Dungeon (1/15)

Altars:


Message History

You now have 11 gold pieces.
You see here a +0 spear.
You see here a +0 spear.
f - a +0 spear You see here 6 stones.
Okay, then.
Found 5 boomerangs.
Found a hand axe.
Found a ruby potion.
You see here 5 boomerangs.
g - 5 boomerangs
h - a ruby potion A hobgoblin comes into view.
The hobgoblin shouts!
A kobold comes into view. It is wielding a +0 dagger.
The kobold shouts!
An endoplasm comes into view.
You closely miss the kobold. The kobold hits you with a +0 dagger.
You barely miss the kobold. The kobold hits you with a +0 dagger.
You hit the kobold.
The kobold is severely wounded.
The kobold hits you with a +0 dagger.
You hit the kobold but do no damage.
The kobold is severely wounded.
The kobold hits you with a +0 dagger.
You closely miss the kobold.
The kobold is severely wounded.
The kobold hits you but does no damage.
You hit the kobold.
You kill the kobold!
You hit the endoplasm.
The endoplasm is almost dead.
The endoplasm freezes you.
You are frozen.
* * * LOW HITPOINT WARNING * * *
You hit the endoplasm but do no damage.
The endoplasm is almost dead.
The endoplasm freezes you.
You are frozen.
You die...

##########
#........#
#....# #@#####♣
##P♣♣..##J#..J.♣
##..PP.P..g...#
##...♣♣...P###.#
#P.♣PP♣♣♣.).##.#
#..♣♣♣♣♣♣♣P....#
#..♣P.♣P♣P.....#
##P.PP♣..P.....#
##P..♣PP......#


You could see an endoplasm and a hobgoblin.

Vanquished Creatures
  A kobold (D:1)
1 creature vanquished.

Notes
Turn   | Place    | Note
-------+----------+-------------------------------------------
     0 | D:1      | Esekla the Demonspawn Wanderer began the quest for the Orb.
     0 | D:1      | Esekla set off with the following items: a +0 dagger, 8
                  | poisoned darts, a potion of mutation, a scroll of fear, a
                  | +0 robe; and the following spell memorised: Foxfire; and
                  | the following spells available to memorise: Scorch, Sticky
                  | Flame.
     0 | D:1      | Reached XP level 1. HP: 13/13 MP: 2/2
   128 | D:1      | Frozen to death by an endoplasm

Illustrated notes

Levels and vault maps discovered:
D:1:      minmay_arrival_semitransparent, layout_loops_cross, serial_forest,
          infiniplex_forest_corner_2, infiniplex_forest_lined_2,
          infiniplex_forest_end_double, infiniplex_forest_clump_cross,
          infiniplex_forest_corner_1, infiniplex_forest_lined_room_,
          infiniplex_forest_clump_curved, hangedman_decor_points,
          chequers_jeans, minmay_hedge_maze

Action                     || total
---------------------------++-------
  Melee: Dagger            ||     8
 Armour: Robe              ||     5

Table legend: (Time is in decaauts)
 A = Elapsed time spent in this place.
 B = Non-inter-level travel time spent in this place.
 C = Inter-level travel time spent in this place.
 D = Time resting spent in this place.
 E = Time spent auto-exploring this place.
 F = Levels seen in this place.
 G = Mean time per level.
                   A        B        C        D        E       F      G
               +--------+--------+--------+--------+--------+-----+--------+
         Total |    128 |    128 |      0 |      0 |     32 |   1 |  128.0 |
       Dungeon |    128 |    128 |      0 |      0 |     32 |   1 |  128.0 |
               +--------+--------+--------+--------+--------+-----+--------+

Top non-repeatable levels by time:
     D:1: 128 daAuts
